 Dungeon Crawl Stone Soup version coffee-0.2.0 (webtiles) character file.

Game seed: 6666470326275412280, levelgen mode: deterministic

13483 Dorkslayer the Thaumaturge (level 12, -29/87 HPs)
             Began as a Human Conjurer on Sept 28, 2020.
             Was a High Priest of Sif Muna.
             Killed from afar by a green draconian stormcaller (44 damage)
             ... on level 10 of the Dungeon.
             The game lasted 01:12:07 (11752 turns).

Dorkslayer the Thaumaturge (Human Conjurer)        Turns: 11752, Time: 01:12:07

Health: -29/87     AC: 18    Str: 10    XL:     12   Next: 33%
Magic:  3/24       EV: 18    Int: 23    God:    Sif Muna [*****.]
Gold:   496        SH:  0    Dex: 14    Spells: 9/28 levels left

rFire    . . .     SeeInvis .   B - +7 long sword (flame)
rCold    . . .     Gourm    .   (no shield)
rNeg     . . .     Faith    .   C - +0 steam dragon scales
rPois    +         Spirit   .   l - +0 helmet
rElec    .         Reflect  .   G - +2 cloak
rCorr    .         Harm     .   (no gloves)
MR       .....                  o - +0 pair of boots
Stlth    ++++......             r - amulet "Nodi" {Acrobat rPois}
HPRegen  0.24/turn              d - ring of Wieqefim {+Inv AC+5 Int+4}
MPRegen  0.19/turn              J - +2 ring of slaying

@: no status effects
A: no striking features
a: Channel Magic, Forget Spell, Divine Exegesis, Renounce Religion, Evoke
Invisibility


You were on level 10 of the Dungeon.
You worshipped Sif Muna.
Sif Muna was extremely pleased with you.
You were not hungry.

You visited 1 branch of the dungeon, and saw 10 of its levels.

You collected 706 gold pieces.
You spent 210 gold pieces at shops.

Inventory:

Hand Weapons
 B - a +7 long sword of flaming (weapon)
Missiles
 y - 3 silver boomerangs (quivered)
 A - 14 boomerangs
Armour
 l - a +0 helmet (worn)
 o - a +0 pair of boots (worn)
 C - +0 steam dragon scales (worn)
 G - a +2 cloak (worn)
 L - a +1 cloak of poison resistance
Magical Staves
 g - an uncursed staff of conjuration
Jewellery
 d - the ring of Wieqefim (left hand) {+Inv AC+5 Int+4}
   (You took it off a goblin on level 2 of the Dungeon)

   [ring of protection]

   It affects your AC (+5).
   It affects your intelligence (+4).
   It lets you turn invisible.
 p - an uncursed ring of protection from fire
 r - the amulet "Nodi" (around neck) {Acrobat rPois}
   (You acquired it on level 3 of the Dungeon)

   [amulet of the acrobat]

   It helps you evade while moving and waiting.
   It protects you from poison.
 J - a +2 ring of slaying (right hand)
Wands
 s - a wand of scattershot (4)
 v - a wand of polymorph (4)
 H - a wand of acid (2)
 K - a wand of flame (17)
 P - a wand of digging (3)
Scrolls
 b - a scroll of magic mapping
 f - a scroll of holy word
 h - a scroll of summoning
 i - 4 scrolls of blinking
 m - 3 scrolls of amnesia
 n - 10 scrolls of remove curse
 q - 11 scrolls of teleportation
 w - a scroll of silence
 D - 3 scrolls of enchant armour
 F - 2 scrolls of vulnerability
Potions
 a - a potion of flight
 t - a potion of ambrosia
 x - a potion of curing
 z - a potion of berserk rage
 E - a potion of stabbing
 I - 2 potions of mutation
Miscellaneous
 e - a fan of gales
 u - a phial of floods (inert)
Comestibles
 c - 10 rations


   Skills:
 + Level 5.8(9.5) Fighting
   Level 4.3(6.1) Short Blades
 - Level 5.1(6.2) Long Blades
   Level 1.2(4.5) Polearms
 + Level 1.5 Throwing
 - Level 5.3(9.4) Dodging
 - Level 4.7(9.9) Stealth
 - Level 0.3(4.4) Unarmed Combat
 + Level 8.5(10.1) Spellcasting
 + Level 8.2(9.0) Conjurations
 + Level 3.5(7.6) Hexes
 + Level 1.5(6.4) Summonings
 + Level 0.2(6.3) Translocations
 + Level 2.2(6.6) Fire Magic
 + Level 1.6(7.3) Ice Magic
 + Level 2.0(6.5) Earth Magic
 + Level 6.4(7.5) Invocations
 + Level 5.4(6.6) Evocations


You had 9 spell levels left.
You knew the following spells:

 Your Spells              Type           Power        Failure   Level  Hunger
a - Magic Dart            Conj           ####         1%          1    None
b - Corona                Hex            #####..      1%          1    None
c - Dazzling Flash        Conj/Hex       ######       1%          3    None
d - Iskenderun's Mystic   Conj/Tloc      #####...     2%          4    #......
e - Summon Ice Beast      Ice/Summ       #####...     3%          4    #......
f - Foxfire               Conj/Fire      ####         1%          1    None
g - Lee's Rapid Deconstr  Erth           #####.....   11%         5    ####...

Your spell library contained the following spells:

 Spells                   Type           Power        Failure   Level  Hunger
 Animate Skeleton         Necr           N/A          1%          1    None
 Apportation              Tloc           #####.       1%          1    None
 Sandblast                Erth           #####.       1%          1    None
 Summon Small Mammal      Summ           ####         1%          1    None
 Blink                    Tloc           N/A          1%          2    None
 Call Imp                 Summ           #####...     1%          2    None
 Passwall                 Tmut/Erth      #####...     1%          2    None
 Searing Ray              Conj           ######       1%          2    None
 Shroud of Golubria       Chrm/Tloc      #####.       1%          2    None
 Slow                     Hex            #####...     1%          2    None
 Call Canine Familiar     Summ           #####...     1%          3    None
 Conjure Flame            Conj/Fire      #####...     1%          3    None
 Gell's Gravitas          Tloc           #####.....   1%          3    None
 Mephitic Cloud           Conj/Pois/Air  #####...     1%          3    None
 Spectral Weapon          Hex/Chrm       #####...     1%          3    None
 Stone Arrow              Conj/Erth      #####.       1%          3    None
 Summon Guardian Golem    Hex/Summ       #####...     1%          3    None
 Teleport Other           Tloc           #####...     1%          3    None
 Fulminant Prism          Conj/Hex       ######....   1%          4    #......
 Cause Fear               Hex            #####.....   2%          4    #......
 Petrify                  Tmut/Erth      #####...     4%          4    #......
 Summon Lightning Spire   Summ/Air       #####...     4%          4    #......
 Silence                  Hex/Air        #####.....   9%          5    ####...
 Yara's Violent Unravell  Hex/Tmut       #####.....   9%          5    ####...
 Excruciating Wounds      Chrm/Necr      #####.....   12%         5    ####...
 Iron Shot                Conj/Erth      #####.....   34%         6    ######.
 Deflect Missiles         Chrm/Air       #####.....   54%         6    ######.
 Controlled Blink         Tloc           N/A          100%        8    #######
 Discord                  Hex            #####.....   100%        8    #######
 Lehudib's Crystal Spear  Conj/Erth      #####.....   100%        8    #######


Dungeon Overview and Level Annotations

Branches:
Dungeon (10/10)            Temple (0/1) D:2
    Zot: D:10

Altars:
Dithmenos
Fedhas
Gozag
Hepliaklqana
Kikubaaqudgha
Sif Muna
Uskayaw

Shops:
D:5 (   D:7 *   D:10 [


Message History

The storm dragon breathes lightning at you.
The bolt of lightning hits you! The bolt of lightning hits you!!
* * * LOW HITPOINT WARNING * * *
The bolt of lightning misses the storm dragon.
You barely miss the storm dragon.
The storm dragon is severely wounded.
The storm dragon breathes lightning at you.
The bolt of lightning misses you. x2
The bolt of lightning hits the storm dragon.
The storm dragon completely resists.
You barely miss the storm dragon.
The storm dragon roars deafeningly!
The storm dragon is severely wounded.
The storm dragon misses you.
You riposte.
You barely miss the storm dragon.
The storm dragon is heavily wounded.
The storm dragon barely misses you.
The green draconian stormcaller mumbles some strange prayers to Qazlal against you.
The blast of ice hits you!!!
Ouch! That really hurt!
You die...

.#############............#......
.***,,,,.,,**#............#......
##*,,,,,..,,*###################)
.#,,,****#.,,###.##.##.##.#### #.
.#,,**,,,*#.,#...............###.
.#,,*,,,,,#.l##..§≈§≈≈.≈≈.≈≈...'.
.#,,+,,∩,,#..q[..§§§≈≈.≈≈.≈)...'.
.#,,*,,,,,*,,##D.≈≈.≈≈.≈§.))...'.
.#,,**,,,**,,#..@............####
.#,,,*****,,,###.##.##.##.#### ##
##*,,,,,,,,,####################.
.#**,,,,,,,*#..[..#............#.
.############.....#............#.
......#...........'............#.
......#...........#............'.
......#...........#............#.
####..#...........######'##..###.


You could see a storm dragon, a komodo dragon and a green draconian stormcaller.

Vanquished Creatures
  Harold (D:9)
  A two-headed ogre (D:9)
  Erica (D:9)
  2 storm dragons (D:10)
  Joseph (D:8)
  Maurice (D:8)
  A fire dragon (D:10)
  2 white draconians (D:10)
  The ghost of stoovan01 the Slasher, a novice HuFi (D:6)
  A black draconian (D:10)
  Maggie (D:6)
  A red draconian (D:10)
  Prince Ribbit (D:9)
  A hornet (D:9)
  3 hippogriffs
  Grinder (D:6)
  Sigmund (D:2)
  4 wyverns
  5 yaks (D:9)
  Duvessa (D:5)
  2 water moccasins
  7 orc warriors
  4 ice beasts
  2 sky beasts
  2 phantoms
  5 ogres
  A crocodile (D:9)
  Blork the orc (D:6)
  A big kobold (D:9)
  A wyvern zombie (D:9)
  9 bullfrogs
  Dowan (D:5)
  A scorpion (D:7)
  A water moccasin skeleton (D:7)
  4 killer bees (D:6)
  5 electric eels
  A howler monkey (D:7)
  2 centaur zombies
  A crimson imp (D:5)
  4 bullfrog zombies
  A quasit (D:10)
  6 orc priests
  3 hounds
  Crazy Yiuf (D:7)
  5 jellies
  10 orc wizards
  4 bullfrog skeletons
  2 centaur skeletons
  A gnoll shaman (D:7)
  An iguana (D:7)
  7 worker ants
  2 killer bee zombies
  2 hound skeletons
  A worker ant zombie (D:5)
  2 adders
  5 gnolls
  3 shadow imps (D:9)
  2 oozes (D:2)
  A worm (D:2)
  2 dart slugs (D:2)
  4 leopard geckos
  38 orcs
  2 giant cockroaches (D:2)
  14 goblins
  11 hobgoblins
  8 jackals
  2 quokkas (D:4)
  2 ball pythons
  12 bats
  5 frilled lizards
  11 kobolds
  8 rats
264 creatures vanquished.

Vanquished Creatures (collateral kills)
  A steam dragon (D:8)
  An ice beast (D:8)
  A killer bee zombie (D:8)
  An orc (D:6)
4 creatures vanquished.

Vanquished Creatures (others)
  112 foxfires
  2 fungi (D:7)
114 creatures vanquished.

Grand Total: 382 creatures vanquished

Notes
Turn   | Place    | Note
-------+----------+-------------------------------------------
     0 | D:1      | Dorkslayer the Human Conjurer began the quest for the Orb.
     0 | D:1      | Reached XP level 1. HP: 13/13 MP: 3/3
   155 | D:1      | Reached XP level 2. HP: 7/19 MP: 0/5
   404 | D:1      | Learned a level 1 spell: Corona
   692 | D:1      | Reached XP level 3. HP: 8/24 MP: 1/6
  1379 | D:2      | Learned a level 3 spell: Dazzling Flash
  1416 | D:2      | Found an opulent altar of Gozag.
  1426 | D:2      | Found a shimmering blue altar of Sif Muna.
  1440 | D:2      | Became a worshipper of Sif Muna the Loreminder
  1675 | D:2      | Reached XP level 4. HP: 30/30 MP: 4/7
  2183 | D:2      | Found a staircase to the Ecumenical Temple.
  2199 | D:2      | Identified the ring of Wieqefim {+Inv AC+5 Int+4}
  2238 | D:2      | Noticed Sigmund
  2281 | D:2      | Killed Sigmund
  2281 | D:2      | Reached skill level 1 in Polearms
  2281 | D:2      | Reached skill level 5 in Conjurations
  2281 | D:2      | Reached XP level 5. HP: 4/36 MP: 2/10
  2281 | D:2      | Reached XP level 6. HP: 5/42 MP: 2/11
  2411 | D:2      | Reached * piety under Sif Muna
  2907 | D:3      | Noticed an ogre
  2922 | D:3      | Killed an ogre
  2922 | D:3      | Reached skill level 1 in Fighting
  3465 | D:3      | Identified the amulet "Nodi" {Acrobat rPois} (You acquired
                  | it on level 3 of the Dungeon)
  3541 | D:4      | Reached skill level 1 in Short Blades
  3547 | D:4      | Reached XP level 7. HP: 48/48 MP: 5/12
  3566 | D:4      | Learned a level 4 spell: Iskenderun's Mystic Blast
  3571 | D:4      | Learned a level 4 spell: Summon Ice Beast
  3648 | D:4      | Reached ** piety under Sif Muna
  4041 | D:4      | Reached skill level 1 in Invocations
  4433 | D:4      | Found an ancient bone altar of Kikubaaqudgha.
  4434 | D:4      | Found a hide-covered altar of Uskayaw.
  4708 | D:5      | Entered Level 5 of the Dungeon
  4724 | D:5      | Reached skill level 1 in Evocations
  4801 | D:5      | Reached skill level 1 in Hexes
  4801 | D:5      | Reached XP level 8. HP: 56/56 MP: 5/14
  4855 | D:5      | Noticed Dowan
  4859 | D:5      | Noticed Duvessa
  4885 | D:5      | Killed Duvessa
  4889 | D:5      | Killed Dowan
  5299 | D:5      | Got the Volume of Scorching Translocation
  5302 | D:5      | Learned a level 1 spell: Foxfire
  5584 | D:5      | Found Haahann's Weapon Shoppe.
  6596 | D:6      | Reached XP level 9. HP: 61/62 MP: 11/16
  6799 | D:6      | Noticed Maggie
  6808 | D:6      | Killed Maggie
  6808 | D:6      | Reached skill level 5 in Spellcasting
  7099 | D:6      | Noticed Grinder
  7101 | D:6      | Noticed Blork the orc
  7113 | D:6      | Killed Blork the orc
  7125 | D:6      | Killed Grinder
  7140 | D:6      | Found a transporter.
  7154 | D:6      | Found a transporter.
  7154 | D:6      | Noticed stoovan01's ghost (novice HuFi)
  7489 | D:7      | Reached skill level 1 in Long Blades
  7498 | D:7      | Reached *** piety under Sif Muna
  7734 | D:7      | Reached XP level 10. HP: 68/68 MP: 15/18
  7744 | D:7      | Learned a level 5 spell: Lee's Rapid Deconstruction
  7747 | D:7      | Found Onluadaj's General Store.
  7755 | D:7      | Bought a scroll of enchant weapon for 105 gold pieces
  7975 | D:7      | Found a runed translucent door.
  7976 | D:7      | Noticed Crazy Yiuf
  7988 | D:7      | Killed Crazy Yiuf
  8043 | D:7      | Reached skill level 5 in Invocations
  8505 | D:6      | Reached **** piety under Sif Muna
  8511 | D:6      | Killed stoovan01's ghost
  8889 | D:8      | Noticed Joseph
  8902 | D:8      | Killed Joseph
  8947 | D:8      | Found a shadowy altar of Dithmenos.
  9038 | D:8      | Reached skill level 5 in Dodging
  9094 | D:8      | Noticed Maurice
  9105 | D:8      | Killed Maurice
  9105 | D:8      | Reached skill level 1 in Fire Magic
  9105 | D:8      | Reached skill level 5 in Evocations
  9105 | D:8      | Reached XP level 11. HP: 65/75 MP: 20/20
  9316 | D:9      | Noticed Erica
  9335 | D:9      | Killed Erica
  9335 | D:9      | Reached skill level 5 in Long Blades
  9706 | D:9      | Noticed Harold
  9710 | D:9      | Reached skill level 1 in Earth Magic
  9736 | D:9      | Killed Harold
  9740 | D:9      | Noticed a two-headed ogre
  9760 | D:9      | Killed a two-headed ogre
  9760 | D:9      | Reached skill level 1 in Summonings
  9784 | D:9      | Reached ***** piety under Sif Muna
  9797 | D:9      | Received a gift from Sif Muna
  9798 | D:9      | Reached skill level 1 in Ice Magic
  9839 | D:9      | Reached skill level 5 in Fighting
  9850 | D:9      | Got Sif Muna's Compendium of the Hawk
 10072 | D:9      | Found a hazy altar of Hepliaklqana.
 10072 | D:9      | Found a blossoming altar of Fedhas.
 10077 | D:9      | Noticed Prince Ribbit
 10086 | D:9      | Killed Prince Ribbit
 10555 | D:7      | Bought a scroll of vulnerability for 105 gold pieces
 10592 | D:10     | Entered Level 10 of the Dungeon
 10776 | D:10     | Reached skill level 1 in Throwing
 11149 | D:10     | Found Paschup's Antique Armour Emporium.
 11287 | D:10     | Noticed a storm dragon
 11289 | D:10     | Reached XP level 12. HP: 87/87 MP: 18/23
 11301 | D:10     | Killed a storm dragon
 11743 | D:10     | Noticed a storm dragon
 11746 | D:10     | Noticed a storm dragon
 11749 | D:10     | Killed a storm dragon
 11752 | D:10     | Killed from afar by a green draconian stormcaller

Levels and vault maps discovered:
D:1:      dpeg_arrival_line_fractal, layout_basic
D:2:      layout_loops_corners, grunt_temple_overflow_open,
          minmay_temple_entry_butterflies, first_ration, uniq_sigmund
D:3:      layout_basic, minivault_27
D:4:      layout_cave_pods, gammafunk_temple_overflow_statue
D:5:      layout_basic, serial_shops, nicolae_shop_stone, uniq_duvessa
D:6:      layout_rooms, gammafunk_ghost_hive, uniq_grinder, uniq_maggie,
          uniq_blork_the_orc
D:7:      layout_cave_pods, serial_shops, shop, serial_park,
          serial_park_tiny_pond, serial_park_paths
          [serial_park_minivault_5x5_6], uniq_crazy_yiuf_cottage
D:8:      layout_basic, lemuel_doored_altar, uniq_joseph, uniq_maurice
D:9:      layout_basic, chequers_temple_overflow_statue_of_worship,
          uniq_prince_ribbit1, uniq_erica, uniq_harold
D:10:     evilmike_zot_entry_hall, layout_gridville, serial_shops, shop

Skill      XL: |  1  2  3  4  5  6  7  8  9 10 11 12 |
---------------+-------------------------------------+-----
Polearms       | 1 |  1.2
Spellcasting   | 3 4 5 6 7 8 |  8.5
Conjurations   | 5 6 7 8 |  8.2
Dodging        | 3 4 5 |  5.3
Fighting       | 1 2 3 5 |  5.8
Short Blades   | 1 2 3 4 |  4.3
Stealth        | 3 4 |  4.7
Invocations    | 1 3 4 6 |  6.4
Evocations     | 1 2 3 5 |  5.4
Hexes          | 1 3 |  3.5
Long Blades    | 2 4 5 |  5.1
Fire Magic     | 1 2 |  2.2
Earth Magic    | 1 2 |  2.0
Summonings     | 1 |  1.5
Ice Magic      | 1 |  1.6
Throwing       | 1 |  1.5
Unarmed Combat | |  0.3
Translocations | |  0.2

Action                   |  1- 3 |  4- 6 |  7- 9 | 10-12 || total
-------------------------+-------+-------+-------+-------++-------
Melee: Unarmed           |    25 |       |    19 |       ||    44
       Whip              |     7 |       |       |       ||     7
       Spear             |    14 |       |       |       ||    14
       Short sword       |       |    49 |    85 |       ||   134
       Dagger            |       |       |    64 |    21 ||    85
       Punch             |       |       |     1 |     4 ||     5
       Long sword        |       |       |    41 |   234 ||   275
       Staff             |       |       |       |     6 ||     6
Throw: Boomerang         |       |       |     3 |     1 ||     4
       Throwing net      |       |       |       |     4 ||     4
 Cast: Magic Dart        |    55 |    81 |   162 |    78 ||   376
       Corona            |       |     3 |    11 |    12 ||    26
       Dazzling Flash    |       |     1 |     3 |       ||     4
       Summon Ice Beast  |       |       |     3 |     3 ||     6
       Foxfire           |       |       |     4 |    59 ||    63
       Iskenderun's Myst |       |       |     3 |     3 ||     6
       Lee's Rapid Decon |       |       |       |    10 ||    10
 Abil: Evoke Invisibilit |       |       |     2 |     2 ||     4
Evoke: Wand              |       |       |     2 |     2 ||     4
       Phial of floods   |       |       |       |     1 ||     1
  Use: Potion            |       |     4 |     4 |     7 ||    15
       Scroll            |       |     1 |     5 |     3 ||     9
 Stab: Invisible         |       |     1 |     6 |     1 ||     8
       Distracted        |       |       |     1 |       ||     1
       Sleeping          |       |       |       |     2 ||     2
       Held in net/web   |       |       |       |     2 ||     2
  Eat: Chunk             |     3 |     5 |     3 |     2 ||    13
       Ration            |       |       |     4 |     4 ||     8
Armor: Robe              |     6 |     6 |    43 |       ||    55
       Skin              |       |       |     3 |       ||     3
       Steam dragon scal |       |       |    10 |    78 ||    88
Dodge: Dodged            |    45 |    38 |   138 |   223 ||   444
       Rpst.: Long sword |       |       |    10 |    65 ||    75
